 Dungeon Crawl Stone Soup version 0.18-a0-1577-gf591c28 (webtiles) character file.

8353 ithil the Blocker (level 11, -2/95 HPs)
             Began as a Minotaur Fighter on Mar 20, 2016.
             Was a Priest of Qazlal.
             Slain by a komodo dragon (17 damage)
             ... on level 1 of the Lair of Beasts.
             The game lasted 00:52:46 (8061 turns).

ithil the Blocker (Minotaur Fighter)                Turns: 8061, Time: 00:52:46

Health: -2/95      AC: 15    Str: 25    XL:     11   Next: 8%
Magic:  10/10      EV: 10    Int: 12    God:    Qazlal [***...]
Gold:   452        SH: 17    Dex: 11    Spells: 0 memorised, 10 levels left

rFire  . . .     SeeInvis .     D - +1 trident "Arcanum" {flame, rC+ Int+7}
rCold  + . .     Gourm    .     P - +0 chain mail
rNeg   . . .     Faith    .     c - +0 shield
rPois  .         Spirit   .     (helmet restricted)
rElec  .         Dismiss  .     m - +0 cloak
rCorr  .         Reflect  .     y - +0 pair of gloves
SustAt .         Harm     .     s - +0 pair of boots
MR     +....                    l - amulet of magic regeneration
Stlth  ..........               (no ring)
                                M - ring of protection from magic

@: somewhat resistant to hostile enchantments, extremely unstealthy
A: retaliatory headbutt, horns 2, blurry vision 1, strong 1
a: Upheaval, Elemental Force, Renounce Religion


You were on level 1 of the Lair of Beasts.
You worshipped Qazlal.
Qazlal was most pleased with you.
You were not hungry.

You visited 2 branches of the dungeon, and saw 9 of its levels.

You collected 452 gold pieces.

Inventory:

Hand Weapons
 o - a +0 hunting sling
 D - the +1 trident "Arcanum" (weapon) {flame, rC+ Int+7}
   (You found it on level 6 of the Dungeon)

   It has been specially enchanted to burn those struck by it, causing extra
   injury to most foes and up to half again as much damage against particularly
   susceptible opponents.
   It affects your intelligence (+7).
   It protects you from cold.
 Y - the +2 bardiche "Veiliral" {flame, +Inv Int+4}
   (You found it on level 1 of the Lair of Beasts)

   It has been specially enchanted to burn those struck by it, causing extra
   injury to most foes and up to half again as much damage against particularly
   susceptible opponents.
   Big, fiery blades are also staple armaments of hydra-hunters.
   It affects your intelligence (+4).
   It lets you turn invisible.
Armour
 c - a +0 shield (worn)
 m - a +0 cloak (worn)
 s - a +0 pair of boots (worn)
 y - a +0 pair of gloves (worn)
 P - a +0 chain mail (worn)
 X - a +2 hat of see invisible
Jewellery
 k - an uncursed ring of resist corrosion {unknown}
 l - an amulet of magic regeneration (around neck)
 x - an uncursed ring of see invisible {unknown}
 G - a cursed ring of teleportation {unknown}
 M - a ring of protection from magic (left hand)
 Q - an uncursed amulet of harm {unknown}
 S - a +4 ring of evasion {unknown}
Wands
 e - a wand of flame (19/48)
 C - a wand of enslavement (2/24)
 E - a wand of paralysis (12/24)
 V - a wand of iceblast (10/15)
Scrolls
 b - 6 scrolls of remove curse
 i - 5 scrolls of magic mapping
 n - 4 scrolls of teleportation
 p - 5 scrolls of enchant weapon
 u - a scroll of immolation {unknown}
 z - 3 scrolls of enchant armour {unknown}
 U - a scroll of blinking
 Z - a scroll of amnesia {unknown}
Potions
 d - a potion of flight
 g - a potion of lignification {unknown}
 h - 2 potions of magic
 q - a potion of heal wounds
 w - a potion of resistance {unknown}
 A - a potion of ambrosia {unknown}
 B - 4 potions of agility
 N - a potion of beneficial mutation {unknown}
 R - a potion of cure mutation {unknown}
 W - a potion of curing {unknown}
Comestibles
 a - 6 chunks of flesh
 f - 9 bread rations
 j - 6 fruits
 r - 2 meat rations
 I - a royal jelly
 T - a slice of pizza


   Skills:
 + Level 8.6 Fighting
   Level 7.0(8.6) Axes
 + Level 7.7(9.0) Polearms
 + Level 9.9 Armour
 + Level 6.0 Dodging
 + Level 1.5 Stealth
 + Level 11.6 Shields


You had 10 spell levels left.
You didn't know any spells.

Dungeon Overview and Level Annotations

Branches:
Dungeon (8/15)             Temple (0/1) D:7            Lair (1/8) D:8

Altars:
Gozag
Kikubaaqudgha
Makhleb
Pakellas
Qazlal
Sif Muna
Vehumet
Xom
The Shining One

Shops:
D:5 *   D:7 =


Innate Abilities, Weirdness & Mutations

You reflexively headbutt those who attack you in melee.
You have a pair of horns on your head.
Scrolls take you a little longer to read.
Your muscles are strong. (Str +2)


Message History

The water moccasin bites you but does no damage.
You miss the water moccasin.
Your headbutt misses the water moccasin.
The water moccasin is almost dead.
The komodo dragon bites you!!
* * * LOW HITPOINT WARNING * * *
You block the water moccasin's attack.
You closely miss the water moccasin.
The water moccasin is almost dead.
You block the komodo dragon's attack. The water moccasin misses you.
You miss the water moccasin.
Your headbutt misses the water moccasin.
The water moccasin is almost dead.
The water moccasin bites you but does no damage.
You block the komodo dragon's attack.
You hit the water moccasin. You burn the water moccasin.
You kill the water moccasin!
Qazlal accepts your kill. The komodo dragon bites you!
You die...

#......§.# #
##.......# #
#.....### #
#.##.....# # ..
#.#...##..#
.......## ##.##
...#### #..# ..
...###### #..#
..###...##.###@##
....##......#l†#
#..#.........#
#............##.
#.##...............
#......P########...
#......## ..
#(.....# #
#.#.#[...#


You could see a komodo dragon.

Vanquished Creatures
  Gastronok (Lair:1)
  3 spiny frogs (Lair:1)
  3 komodo dragons (Lair:1)
  A troll (D:8)
  Grinder (D:6)
  3 blink frogs (Lair:1)
  A spriggan (D:8)
  The ghost of crawlian the Conjurer, an amateur DECj (D:5)
  A wraith (D:6)
  2 hippogriffs
  A water moccasin (Lair:1)
  2 porcupines (Lair:1)
  A sky beast (D:5)
  2 ice beasts
  4 ogres
  A centaur (D:6)
  2 wolves (D:8)
  A big kobold (D:7)
  A crocodile (Lair:1)
  5 giant frogs
  2 scorpions
  4 killer bees (D:7)
  8 wights
  3 electric eels (D:8)
  4 crimson imps
  10 hounds
  4 orc priests
  3 orc wizards
  A giant frog skeleton (D:5)
  2 jellies
  Natasha (D:4)
  8 worker ants
  A hound zombie (D:6)
  4 gnolls (D:2)
  A howler monkey skeleton (D:8)
  10 adders
  2 shadow imps
  A worm (D:4)
  2 dart slugs
  3 giant geckos
  21 orcs
  9 bats
  4 giant cockroaches
  7 goblins
  8 hobgoblins
  12 jackals
  6 quokkas
  2 ball pythons
  9 giant newts
  A jackal skeleton (D:7)
  15 kobolds
  A quokka zombie (D:7)
  7 rats
213 creatures vanquished.

Vanquished Creatures (others)
  A fungus (Lair:1)
1 creature vanquished.

Grand Total: 214 creatures vanquished

Notes
Turn   | Place    | Note
--------------------------------------------------------------
     0 | D:1      | ithil the Minotaur Fighter began the quest for the Orb.
     0 | D:1      | Reached XP level 1. HP: 19/19 MP: 0/0
   117 | D:1      | Reached XP level 2. HP: 17/27 MP: 1/1
   204 | D:1      | Reached skill level 4 in Shields
   626 | D:2      | Reached XP level 3. HP: 33/33 MP: 2/2
   924 | D:2      | Found an oddly glowing altar of Pakellas.
   997 | D:2      | Found an opulent altar of Gozag.
  1007 | D:2      | Reached skill level 1 in Dodging
  1009 | D:2      | Reached XP level 4. HP: 19/40 MP: 3/3
  1890 | D:3      | Found a glowing golden altar of the Shining One.
  1892 | D:3      | Found a deep blue altar of Sif Muna.
  1892 | D:3      | Found a burning altar of Makhleb.
  1894 | D:3      | Found an ancient bone altar of Kikubaaqudgha.
  1894 | D:3      | Found a radiant altar of Vehumet.
  2332 | D:3      | Reached skill level 5 in Armour
  2332 | D:3      | Reached XP level 5. HP: 44/47 MP: 4/4
  2341 | D:3      | Found a shimmering altar of Xom.
  2671 | D:4      | Found a stormy altar of Qazlal.
  2680 | D:4      | Became a worshipper of Qazlal Stormbringer
  2726 | D:4      | Noticed Natasha
  2736 | D:4      | Killed Natasha
  2768 | D:4      | Reached skill level 5 in Shields
  2927 | D:4      | Reached XP level 6. HP: 37/53 MP: 5/5
  3549 | D:5      | Entered Level 5 of the Dungeon
  3639 | D:5      | Reached skill level 5 in Fighting
  3639 | D:5      | Reached XP level 7. HP: 59/61 MP: 6/6
  3683 | D:5      | Noticed crawlian's ghost (amateur DECj)
  3712 | D:5      | Killed crawlian's ghost
  3758 | D:5      | Reached * piety under Qazlal
  3854 | D:5      | Reached skill level 6 in Shields
  3988 | D:5      | Found Utaste Zixt's Assorted Antiques.
  4049 | D:5      | Reached skill level 5 in Axes
  4166 | D:5      | Reached XP level 8. HP: 57/70 MP: 7/7
  4357 | D:5      | Gained mutation: Your muscles are strong. (Str +2) [mutagenic meat]
  4368 | D:6      | Gained mutation: Scrolls take you a little longer to read. [mutagenic meat]
  4375 | D:6      | Got a warped trident
  4411 | D:6      | Identified the cursed +1 trident "Arcanum" {flame, rC+ Int+7} (You found it on level 6 of the Dungeon)
  4492 | D:6      | Reached skill level 7 in Shields
  4499 | D:6      | Reached skill level 1 in Polearms
  4517 | D:6      | Noticed Grinder
  4578 | D:6      | Killed Grinder
  4602 | D:6      | Found an opulent altar of Gozag.
  4958 | D:7      | Reached XP level 9. HP: 78/78 MP: 8/8
  5029 | D:7      | Reached ** piety under Qazlal
  5615 | D:7      | Reached skill level 8 in Shields
  5895 | D:7      | Found Vyboclis's Jewellery Boutique.
  6068 | D:7      | Found a staircase to the Ecumenical Temple.
  6068 | D:7      | Reached skill level 5 in Dodging
  6220 | D:8      | Found a shimmering altar of Xom.
  6299 | D:8      | Reached skill level 9 in Shields
  6383 | D:8      | Reached skill level 5 in Polearms
  6684 | D:8      | Found a staircase to the Lair.
  6697 | D:8      | Noticed a troll
  6740 | D:8      | Killed a troll
  6740 | D:8      | Reached skill level 1 in Stealth
  6740 | D:8      | Reached XP level 10. HP: 29/86 MP: 9/9
  6751 | D:8      | Reached *** piety under Qazlal
  7232 | D:8      | Reached skill level 10 in Shields
  7425 | Lair:1   | Entered Level 1 of the Lair of Beasts
  7425 | Lair:1   | Noticed Gastronok
  7456 | Lair:1   | Killed Gastronok
  7471 | Lair:1   | Got an ichor-stained bardiche
  7479 | Lair:1   | Identified the +2 bardiche "Veiliral" {flame, +Inv Int+4} (You found it on level 1 of the Lair of Beasts)
  7558 | Lair:1   | Noticed a spiny frog
  7567 | Lair:1   | Killed a spiny frog
  7666 | Lair:1   | Reached skill level 11 in Shields
  7711 | Lair:1   | Noticed a spiny frog
  7729 | Lair:1   | Killed a spiny frog
  8023 | Lair:1   | Noticed a spiny frog
  8027 | Lair:1   | Killed a spiny frog
  8027 | Lair:1   | Reached XP level 11. HP: 95/95 MP: 10/10
  8061 | Lair:1   | Slain by a komodo dragon

Vault maps used:
D:1:      mrwooster_arrival_statue_2, minmay_newt_pond
D:2:      grunt_gozag_statues, first_bread, grunt_pakellas_basics
D:3:      grunt_temple_overflow_open, xom_teletrap_fun
D:4:      nicolae_qazlal_eye_of_the_storm, uniq_natasha
D:5:      serial_shops, shop
D:6:      basic_altar, small_statue_alley_b, uniq_grinder
D:7:      minmay_temple_entry_statues_pillars, serial_shops, nicolae_shop_trees,
          minivault_1
D:8:      erik_lair_island, basic_altar, the_bakery,
          minmay_misc_feat_more_columns
Lair:1:   beast_lair_carwin_8, grunt_megastairs_5, uniq_gastronok

Skill      XL: |  1  2  3  4  5  6  7  8  9 10 |
---------------+-------------------------------+-----
Armour         | 4 5 6 7 8 9 |  9.9
Shields        | 4 5 6 7 9 11 | 11.6
Fighting       | 4 5 6 7 8 |  8.6
Axes           | 3 4 5 7 |  7.0
Dodging        | 1 2 3 4 5 6 |  6.0
Polearms       | 1 5 7 |  7.7
Stealth        | 1 |  1.5

Action                   |  1- 3 |  4- 6 |  7- 9 | 10-12 || total
-------------------------+-------+-------+-------+-------++-------
Melee: War axe           |    74 |   137 |     2 |       ||   213
       Broad axe         |       |       |    87 |       ||    87
       Trident           |       |       |   269 |   154 ||   423
  Use: Potion            |       |     4 |     3 |     4 ||    11
       Scroll            |       |     4 |     7 |     3 ||    14
  Eat: Chunk             |       |     5 |    10 |     1 ||    16
       Bread ration      |       |     1 |     1 |       ||     2
       Beef jerky        |       |       |     1 |       ||     1
